 Dungeon Crawl Stone Soup version 0.28.0 (webtiles) character file.

Game seed: 9465669824614793949

5149 RighteousDevil the Protected (level 10, -3/121 HPs)
             Began as a Deep Dwarf Monk on Feb 11, 2022.
             Succumbed to a sea snake's poison
             ... in a bailey.
             The game lasted 00:16:49 (6758 turns).

RighteousDevil the Protected (Deep Dwarf Monk)      Turns: 6758, Time: 00:16:49

Health: -3/121     AC: 13    Str: 20    XL:     10   Next: 33%
Magic:  13/13 (4)  EV: 11    Int: 10    God:
Gold:   255        SH:  0    Dex: 15    Spells: 9/9 levels left

rFire   . . .      SeeInvis +   b - +1 lajatang
rCold   . . .      Faith    .   (shield currently unavailable)
rNeg    . . .      Spirit   .   j - +0 scale mail
rPois   .          Reflect  .   u - +0 hat {Will+}
rElec   .          Harm     .   h - +0 cloak
rCorr   .          Rampage  .   p - +0 pair of gloves
Will    ++...                   z - +0 pair of boots
Stlth   ..........              (no amulet)
HPRegen 0.00/turn               k - ring of magical power
MPRegen 0.13/turn               t - ring of see invisible

@: berserking (expiring), lethally poisoned (-3 -> -19), very quick
A: damage resistance, heal wounds, sense surroundings 2, no regeneration
a: Heal Wounds


You were in a bailey.
You visited 2 branches of the dungeon, and saw 9 of its levels.
You also visited: Bailey.

You collected 255 gold pieces.

Inventory:

Hand Weapons
 a - a +0 flail
 b - a +1 lajatang (weapon)
 A - a +0 broad axe
Armour
 h - a +0 cloak (worn)
 j - a +0 scale mail (worn)
 m - a +0 leather armour
 p - a +0 pair of gloves (worn)
 u - a +0 hat of willpower (worn)
 z - a +0 pair of boots (worn)
Jewellery
 k - a ring of magical power (left hand)
 l - a +6 ring of dexterity
 o - an amulet of faith
 t - a ring of see invisible (right hand)
 v - a ring of protection from cold
Wands
 c - a wand of flame (42)
 r - a wand of digging (5)
 w - a wand of mindburst (11)
 y - a wand of polymorph (8)
Scrolls
 i - 2 scrolls of immolation
 n - 2 scrolls of teleportation
 q - a scroll of fog {unknown}
Potions
 d - 2 potions of curing
 e - 2 potions of lignification
 f - a potion of berserk rage
 s - 3 potions of heal wounds
 x - a potion of degeneration {unknown}


   Skills:
 - Level 2.6 Fighting
 - Level 3.7(7.9) Maces & Flails
 + Level 10.0(10.2) Staves
 + Level 10.6 Armour
 - Level 3.2 Dodging
 - Level 6.0 Stealth


You had 9 spell levels left.
You didn't know any spells.
Your spell library contained the following spells:

 Spells                   Type           Power      Damage    Failure   Level
 Dazzling Flash           Conj/Hex       0%         N/A       95%         3
 Agony                    Necr           0%         N/A       100%        5
 Silence                  Hex/Air        0%         N/A       100%        5


Dungeon Overview and Level Annotations

Branches:
Dungeon (8/15)             Temple (1/1) D:5          Bailey (1/1)
   Lair: D:8-11

Altars:
Ashenzari
Cheibriados
Dithmenos
Elyvilon
Fedhas
Gozag
Hepliaklqana
Kikubaaqudgha
Makhleb
Nemelex Xobeh
Okawaru
Ru
Sif Muna
Trog
Vehumet
Wu Jian
Xom
Zin
The Shining One

Annotations:
D:3 2 transporters, Jase's ghost, amateur KoEn
D:7 1 runed translucent door, Crazy Yiuf


Innate Abilities, Weirdness & Mutations

You are resistant to damage.
You can heal yourself by infusing magical energy.
You passively map the area around you.
You do not regenerate.


Message History

The sea snake bites you!
You are poisoned.
The sea snake poisons you!
You miss the sea snake.
The sea snake is heavily wounded.
You feel very sick.
The sea snake bites you but does no damage.
You slice the sea snake!!
The sea snake is severely wounded.
You feel very sick. The sea snake bites you.
You are lethally poisoned!
The sea snake poisons you!
You completely miss the sea snake.
The sea snake is severely wounded.
You feel extremely sick.
You closely miss the sea snake.
The sea snake is severely wounded.
* * * LOW HITPOINT WARNING * * *
You feel extremely sick. The sea snake barely misses you.
You are too berserk!
* * * LOW HITPOINT WARNING * * *
You feel extremely sick.
You hit the sea snake.
The sea snake is almost dead.
* * * LOW HITPOINT WARNING * * *
You feel extremely sick.
Okay, then.
You slice the sea snake!!
You kill the sea snake!
The vault guard returns to its original shape as it dies.
* * * LOW HITPOINT WARNING * * *
You feel extremely sick.
Your Staves skill increases to level 10!
Unknown command.
* * * LOW HITPOINT WARNING * * *
You feel extremely sick.
You feel a strong urge to attack something.
You die...

##≈≈#'#'#†.....##
#≈≈≈))#.÷..#....#
#≈≈≈≈≈#...####..#
#≈≈≈≈≈#.))#.....#
##≈≈≈##...#.÷...#
###'####..###'###
#......)..#≈..≈≈#
#.....)####≈..≈≈#
#.....##≈##≈@≈≈#####
##....#≈≈≈≈[))≈#..≈##
##..##≈≈≈≈..≈≈#...≈#
##.#≈≈≈≈...≈≈##..≈##
###≈≈≈≈.≈.≈≈≈#≈..≈#
#≈≈≈≈≈...≈≈##≈..#
#≈≈≈≈.≈.≈≈≈≈###'#
#≈≈≈≈...≈≈≈≈≈≈≈.#
##≈≈≈..........##


There were no monsters in sight!

Vanquished Creatures
  A vault guard (Bailey)
  A sea snake (Bailey)
  Prince Ribbit (Bailey)
  5 humans (Bailey)
  Eustachio (D:4)
  2 steam dragons (D:7)
  A water moccasin (D:6)
  A sky beast (D:5)
  A necrophage (D:5)
  2 centaurs
  2 phantoms
  A kobold brigand (D:7)
  Blork the orc (D:6)
  13 bullfrogs
  A wyvern zombie (D:6)
  A scorpion (D:6)
  A water moccasin zombie (D:6)
  A wyvern skeleton (D:5)
  A water moccasin skeleton (D:6)
  3 killer bees (D:5)
  3 centaur zombies
  A gnoll shaman (D:5)
  An orc priest (D:6)
  A jelly (D:5)
  2 bullfrog skeletons
  Ijyb (D:5)
  3 orc wizards
  An iguana (D:4)
  A killer bee zombie (D:7)
  3 hound skeletons
  Robin (D:4)
  2 howler monkey zombies
  A howler monkey skeleton (D:4)
  15 gnolls
  3 adders (D:5)
  2 worms
  2 dart slugs
  19 orcs
  2 bat zombies (D:7)
  7 endoplasms
  5 giant cockroaches
  11 hobgoblins
  4 jackals (D:2)
  2 quokkas
  7 ball pythons
  8 bats
  3 frilled lizards
  15 goblins
  10 kobolds
  5 rats
  2 rat zombies (D:7)
184 creatures vanquished.

Notes
Turn   | Place    | Note
-------+----------+-------------------------------------------
     0 | D:1      | RighteousDevil the Deep Dwarf Monk began the quest for the
                  | Orb.
     0 | D:1      | Reached XP level 1. HP: 20/20 MP: 1/1
   293 | D:1      | Reached XP level 2. HP: 22/27 MP: 2/2
  1037 | D:2      | Reached skill level 1 in Staves
  1046 | D:2      | Reached XP level 3. HP: 15/33 MP: 3/3
  1317 | D:2      | Found a snail-covered altar of Cheibriados.
  1756 | D:3      | Found a transporter.
  1758 | D:3      | Noticed an ogre
  1759 | D:3      | Noticed Jase's ghost (amateur KoEn)
  1759 | D:3      | Noticed an ogre
  1760 | D:3      | Found a transporter.
  2047 | D:3      | Found a faded altar of an unknown god.
  2717 | D:4      | Reached XP level 4. HP: 40/40 MP: 4/4
  2767 | D:4      | Noticed a phantom
  2777 | D:4      | Killed a phantom
  2778 | D:4      | Reached XP level 5. HP: 24/46 MP: 5/5
  2837 | D:4      | Noticed Robin
  3051 | D:4      | Reached skill level 5 in Stealth
  3128 | D:4      | Noticed Eustachio
  3167 | D:4      | Killed Eustachio
  3168 | D:4      | Reached XP level 6. HP: 24/55 MP: 6/6
  3455 | D:4      | Killed Robin
  3820 | D:5      | Entered Level 5 of the Dungeon
  3842 | D:5      | Reached skill level 1 in Armour
  3912 | D:5      | Reached XP level 7. HP: 43/61 MP: 5/5
  3940 | D:5      | Noticed Ijyb
  3951 | D:5      | Killed Ijyb
  4004 | D:5      | Found a bloodstained altar of Trog.
  4035 | D:5      | Reached skill level 5 in Staves
  4340 | D:5      | Found a staircase to the Ecumenical Temple.
  4516 | D:5      | Found a white marble altar of Elyvilon.
  4602 | Temple   | Entered the Ecumenical Temple
  5023 | D:6      | Reached XP level 8. HP: 45/68 MP: 6/6
  5081 | D:6      | Reached skill level 5 in Armour
  5192 | D:6      | Noticed Blork the orc
  5208 | D:6      | Killed Blork the orc
  5614 | D:7      | Found an ancient bone altar of Kikubaaqudgha.
  5747 | D:7      | Gained mutation: You passively map the area around you.
                  | [Deep Dwarf growth]
  5747 | D:7      | Reached XP level 9. HP: 51/74 MP: 6/6
  5988 | D:7      | Found a runed translucent door.
  5989 | D:7      | Noticed Crazy Yiuf
  6313 | D:8      | Found a flagged portal.
  6333 | Bailey   | Entered a bailey
  6541 | Bailey   | Noticed a vault guard
  6566 | Bailey   | Killed a vault guard
  6567 | Bailey   | Reached XP level 10. HP: 60/81 MP: 4/4
  6577 | Bailey   | Reached skill level 10 in Armour
  6596 | Bailey   | Noticed Prince Ribbit
  6597 | Bailey   | Noticed a vault guard
  6623 | Bailey   | Noticed a sea snake
  6623 | Bailey   | a vault guard changed into a sea snake
  6719 | Bailey   | Killed Prince Ribbit
  6756 | Bailey   | Killed a sea snake
  6757 | Bailey   | Reached skill level 10 in Staves
  6757 | Bailey   | HP: 2/121 [poisoned by a sea snake]
  6758 | Bailey   | Succumbed to a sea snake's poison

Illustrated notes

Levels and vault maps discovered:
D:1:      minmay_arrival_plants_in_alcoves, layout_loops_corners
D:2:      wander_river, layout_basic, basic_altar, ebering_dispersal_statue_hall
D:3:      layout_loops_ring, gammafunk_ghost_smash,
          hellmonk_ecumenical_altar_slurped_away, grunt_ministairs_1
D:4:      layout_layer_cave, hangedman_feature_mirror, uniq_robin,
          uniq_eustachio
D:5:      layout_basic, marbit_many_paths, mainiacjoe_overflow_alcove_2,
          temple_fountains, uniq_ijyb
D:6:      layout_rooms, uniq_blork_the_orc
D:7:      layout_rooms, lemuel_zombie_altar_kikubaaqudgha,
          uniq_crazy_yiuf_cottage
D:8:      layout_basic, enter_bailey_5, minmay_ruffians
Temple:   eino_temple_rhombus
Bailey:   bailey_axe_froggy_fort_hellmonk, bailey

Skill      XL: |  1  2  3  4  5  6  7  8  9 10 |
---------------+-------------------------------+-----
Staves         | 1 2 3 4 5 7 9 10 | 10.0
Stealth        | 3 4 5 6 |  6.0
Armour         | 1 4 7 9 10 | 10.6
Fighting       | |  2.6
Maces & Flails | |  3.7
Dodging        | |  3.2

Action                   |  1- 3 |  4- 6 |  7- 9 | 10-12 || total
-------------------------+-------+-------+-------+-------++-------
Melee: Mace              |    27 |       |       |       ||    27
       Lajatang          |   112 |   124 |   389 |    34 ||   659
       Flail             |     9 |       |       |       ||     9
 Abil: Heal Wounds       |     2 |     4 |    12 |     1 ||    19
Evoke: Wand              |       |       |     6 |    12 ||    18
  Use: Scroll            |     1 |     5 |     4 |     1 ||    11
       Potion            |     1 |       |     6 |     1 ||     8
 Stab: Sleeping          |    11 |     4 |     1 |       ||    16
       Distracted        |       |     1 |       |       ||     1
Armor: Robe              |    25 |       |       |       ||    25
       Skin              |    23 |       |       |       ||    23
       Leather armour    |     8 |    36 |       |       ||    44
       Scale mail        |       |    22 |   248 |    12 ||   282
Dodge: Dodged            |   112 |   146 |   297 |    16 ||   571
